 Dungeon Crawl Stone Soup version 0.29-a0-323-g050149af67 (webtiles) character file.

Game seed: 16323564917241558806

10 Psyclone the Chiller (level 2, 0/17 HPs)
             Began as an Octopode Ice Elementalist on Apr 11, 2022.
             Succumbed to a goblin's poison
             ... on level 1 of the Dungeon.
             The game lasted 00:00:40 (288 turns).

Psyclone the Chiller (Octopode Ice Elementalist)     Turns: 288, Time: 00:00:41

Health: 0/17       AC:  1    Str:  7    XL:     2   Next: 20%
Magic:  0/5        EV: 13    Int: 17    God:
Gold:   15         SH:  0    Dex: 12    Spells: 4/5 levels left

rFire   . . .      SeeInvis .   (no weapon)
rCold   . . .      Faith    .   (no shield)
rNeg    . . .      Spirit   .   (helmet restricted)
rPois   .          Reflect  .   (no amulet)
rElec   .          Harm     .   (no ring)
rCorr   .          Rampage  .   (no ring)
Will    .....                   (no ring)
Stlth   +++.......              (no ring)
HPRegen 0.05/turn               (no ring)
MPRegen 0.09/turn               (no ring)
                                (no ring)
                                (no ring)

@: lethally poisoned (0 -> -6)
A: almost no armour, amphibious, 8 rings, camouflage 1, gelatinous body 1,
(nimble swimmer 1), tentacles
a: no special abilities


You were on level 1 of the Dungeon.
You visited 1 branch of the dungeon, and saw 1 of its levels.

You collected 15 gold pieces.

Inventory:

Potions
 a - a potion of magic


   Skills:
 - Level 2.0 Dodging
 - Level 2.6 Stealth
 - Level 2.0 Spellcasting
 + Level 4.5 Ice Magic


You had 4 spell levels left.
You knew the following spells:

 Your Spells              Type           Power      Damage    Failure   Level
a - Freeze                Ice            68%        1d8       3%          1

Your spell library contained the following spells:

 Spells                   Type           Power      Damage    Failure   Level
 Frozen Ramparts          Ice            34%        1d5       9%          3
 Ozocubu's Armour         Ice            17%        N/A       9%          3
 Hailstorm                Conj/Ice       9%         3d4       58%         4


Dungeon Overview and Level Annotations

Branches:
Dungeon (1/15)

Altars:


Innate Abilities, Weirdness & Mutations

You cannot wear most types of armour.
You are amphibious.
You can wear up to eight rings at the same time.
Your skin changes colour to match your surroundings (Stealth+).
Your rubbery body absorbs attacks. (AC +1, EV +1)
((You are camouflaged when in or above water. (Stealth+)))
You have tentacles for arms and can constrict up to eight enemies at once.


Message History

You take 2 damage, and have 7/11 hp.
You closely miss the jackal. Your grab misses the jackal.
The jackal is lightly wounded.
The jackal bites you.
You take 1 damage, and have 6/11 hp.
You tentacle-slap the jackal. You grab the jackal.
The jackal is moderately wounded.
You constrict the jackal.
The jackal struggles to escape constriction.
You barely miss the jackal. You squeeze the jackal.
You kill the jackal!
You have reached level 2!
You regained 3 hp, and now have 9/17 hp.
You barely miss the jackal. You grab the jackal. You squeeze the jackal.
You kill the jackal!
You closely miss the quokka. Your grab misses the quokka. The quokka bites you.
You take 3 damage, and have 7/17 hp.
You tentacle-slap the quokka. Your grab misses the quokka.
You squeeze the quokka.
The quokka is almost dead.
The quokka bites you.
* * * LOW HITPOINT WARNING * * *
You take 3 damage, and have 4/17 hp.
You barely miss the quokka. You grab the quokka. You squeeze the quokka.
You kill the quokka!
Casting: Freeze (safe; 3% risk of failure)
Confirm with . or Enter, or press ? or * to list all spells.
Aiming: Freeze (safe; 3% risk of failure)
Press: ? - help, Shift-Dir - straight line, f - goblin
Aim: a goblin, wielding a +0 dagger of venom You freeze the goblin.
The goblin is moderately wounded.
The goblin hits you with a +0 dagger of venom.
* * * LOW HITPOINT WARNING * * *
You are lethally poisoned!
You take 2 damage, and have 2/17 hp.
You now have 0/5 mp.
Okay, then.
You barely miss the goblin. Your grab misses the goblin.
The goblin is moderately wounded.
You die...

≈≈≈.≈..#...... ≈≈≈≈#.....#
≈. ..#......# .
≈.≈.#..$....#.. #
#............+ #....# ..#
#....# ..
################g####(####
...............@..........
#.........................
...≈≈≈≈≈≈≈≈≈≈≈≈≈≈≈≈≈≈≈≈≈≈≈
...≈≈≈≈≈≈≈≈≈≈≈≈≈≈≈≈≈≈≈≈≈≈≈
...≈≈≈≈≈≈≈≈≈≈≈≈≈≈≈≈≈≈≈≈≈≈≈
#...≈≈≈#'#+#≈≈≈≈≈≈≈#+#+#≈≈≈
#...≈≈≈+...##'###+## ≈≈≈
#...≈≈≈+...+.......+ ≈≈
....≈≈≈#'###.#####.#


You could see a goblin.

Vanquished Creatures
  A dart slug (D:1)
  3 jackals (D:1)
  A quokka (D:1)
  A bat (D:1)
  2 kobolds (D:1)
8 creatures vanquished.

Notes
Turn   | Place    | Note
-------+----------+-------------------------------------------
     0 | D:1      | Psyclone the Octopode Ice Elementalist began the quest for
                  | the Orb.
     0 | D:1      | Reached XP level 1. HP: 11/11 MP: 3/3
   264 | D:1      | Found a faded altar of an unknown god.
   282 | D:1      | Reached XP level 2. HP: 9/17 MP: 0/5
   288 | D:1      | Succumbed to a goblin's poison

Illustrated notes

Levels and vault maps discovered:
D:1:      dpeg_arrival_castle, layout_basic,
          shapermc_ecumenical_altar_starsandcircs, minmay_tromino_v7

Action                   || total
-------------------------++-------
Melee: Unarmed           ||    11
       Tentacles         ||     5
       Constrict         ||     4
 Cast: Freeze            ||     8
Dodge: Dodged            ||     5

Table legend: (Time is in decaauts)
 A = Elapsed time spent in this place.
 B = Non-inter-level travel time spent in this place.
 C = Inter-level travel time spent in this place.
 D = Time resting spent in this place.
 E = Time spent auto-exploring this place.
 F = Levels seen in this place.
 G = Mean time per level.
                   A        B        C        D        E       F      G
               +--------+--------+--------+--------+--------+-----+--------+
         Total |    288 |    288 |      0 |    174 |     43 |   1 |  288.0 |
       Dungeon |    288 |    288 |      0 |    174 |     43 |   1 |  288.0 |
               +--------+--------+--------+--------+--------+-----+--------+

Top non-repeatable levels by time:
     D:1: 288 daAuts
